 Dungeon Crawl Stone Soup version 0.24-a0-489-g1c7b743a30 (webtiles) character file.

Game seed: 17078505543000707897

36746 KristoblXynda the Carver (level 13, 0/116 HPs)
             Began as a Grey Draconian Gladiator on July 11, 2019.
             Was an Initiate of Gozag.
             Slain by a catoblepas (28 damage)
             ... on level 15 of the Dungeon.
             The game lasted 00:33:43 (15686 turns).

KristoblXynda the Carver (DrGl)                    Turns: 15686, Time: 00:33:43

Health: 0/116      AC: 19    Str: 16    XL:     13   Next: 54%
Magic:  21/21      EV: 21    Int: 13    God:    Gozag
Gold:   1307       SH: 10    Dex: 19    Spells: 12/12 levels left

rFire    . . .     SeeInvis .   K - +9 sword of Zonguldrok {reap}
rCold    . . .     Gourm    .   k - +2 buckler {AC+3}
rNeg     . . .     Faith    .   (armour unavailable)
rPois    +         Spirit   .   b - +0 hat
rElec    +         Reflect  +   E - +0 cloak
rCorr    .         Harm     .   o - +0 pair of gloves
MR       .....                  M - +0 pair of boots
Stlth    ++........             P - +2 amulet of reflection
HPRegen  0.29/turn              l - +5 ring of dexterity
MPRegen  0.17/turn              w - ring "Bytwioki" {rElec rPois}

@: no status effects
A: walk through water, unfitting armour, unbreathing, cold-blooded, AC +13
a: Potion Petition, Call Merchant, Bribe Branch, Renounce Religion


You were on level 15 of the Dungeon.
You worshipped Gozag.
Gozag was most pleased with you.
You were hungry.

You visited 2 branches of the dungeon, and saw 16 of its levels.
You also visited: Ossuary.

You collected 3436 gold pieces.
You spent 2009 gold pieces at shops.
You paid 120 gold pieces to Gozag.

Inventory:

Hand Weapons
 K - the +9 sword of Zonguldrok (weapon) {reap}
   (You bought it in a shop on level 10 of the Dungeon)

   If a monster killed with it leaves a corpse in good enough shape, the corpse
   will be animated as a zombie friendly to the killer.
 O - a +3 scimitar of flaming
Missiles
 c - 5 throwing nets (quivered)
Armour
 b - a +0 hat (worn)
 k - a +2 buckler of protection (worn)
 o - a +0 pair of gloves (worn)
 E - a +0 cloak (worn)
 M - a +0 pair of boots (worn)
Jewellery
 a - an uncursed amulet of guardian spirit
 l - a +5 ring of dexterity (left hand)
 m - an uncursed amulet of regeneration
 r - an uncursed ring of wizardry
 v - an uncursed ring of flight
 w - the ring "Bytwioki" (right hand) {rElec rPois}
   (You bought it in a shop on level 7 of the Dungeon)

   [ring of poison resistance]

   It insulates you from electricity.
   It protects you from poison.
 A - an uncursed ring of magical power
 G - an uncursed ring of ice
 P - a +2 amulet of reflection (around neck)
Scrolls
 g - 2 scrolls of immolation
 i - 4 scrolls of blinking
 n - 3 scrolls of teleportation
 p - 3 scrolls of fog
 x - 13 scrolls of remove curse
 y - 3 scrolls of identify
 D - 2 scrolls of amnesia
 I - 3 scrolls of magic mapping
Potions
 e - 3 potions of ambrosia
 f - a potion of heal wounds
 h - 2 potions of cancellation
 j - 4 potions of might
 q - a potion of berserk rage
 s - 4 potions of mutation
 u - 2 potions of magic
 z - 3 potions of invisibility
 B - 7 potions of curing
 C - 3 potions of resistance
 F - 6 potions of flight
 H - 5 potions of agility
 J - 2 potions of brilliance
 N - 3 potions of lignification
Miscellaneous
 L - a lamp of fire
Comestibles
 d - 22 rations


   Skills:
 + Level 11.6 Fighting
 + Level 13.5 Long Blades
 - Level 2.0 Throwing
 + Level 11.0 Dodging
 - Level 4.0 Shields
 + Level 10.7 Evocations


You had 12 spell levels left.
You didn't know any spells.
Your spell library contained the following spells:

 Spells                   Type           Power        Failure   Level  Hunger
 Corona                   Hex            #......      30%         1    ##.....
 Slow                     Hex            #.......     43%         2    ###....
 Inner Flame              Hex/Fire       #.......     67%         3    ####...
 Portal Projectile        Hex/Tloc       #.....       67%         3    ####...
 Cause Fear               Hex            #.........   97%         4    #####..
 Leda's Liquefaction      Hex/Erth       #.........   97%         4    #####..


Dungeon Overview and Level Annotations

Branches:
Dungeon (15/15)            Temple (1/1) D:7            Lair (0/6) D:9
    Orc (0/2) D:11         Vaults (0/5) D:13
 Depths: D:15

Altars:
Ashenzari
Cheibriados
Dithmenos
Elyvilon
Fedhas
Gozag
Hepliaklqana
Kikubaaqudgha
Makhleb
Nemelex Xobeh
Okawaru
Qazlal
Ru
Sif Muna
Trog
Uskayaw
Vehumet
Wu Jian
Xom
Yredelemnul
Zin
The Shining One

Shops:
D:4 *   D:7 ?:%=   D:10 (   D:12 =   D:15 *

Annotations:
D:7 1 runed translucent door, confidenceinterval's ghost, novice HOFi


Innate Abilities, Weirdness & Mutations

You can walk through water.
Your dull iron-grey scales are very hard. (AC +13)
You cannot fit into any form of body armour.
You can survive without breathing.
You are cold-blooded and may be slowed by cold attacks.


Message History

The blast of calcifying dust hits you.
Unknown command.
The troll is engulfed in calcifying dust.
The troll is moving more slowly.
Unknown command.
You slice the catoblepas!!
The catoblepas is heavily wounded.
The orc warrior is no longer petrified.
The catoblepas breathes a plume of calcifying dust at you.
The blast of calcifying dust hits you.
The troll is engulfed in calcifying dust.
The troll stops moving altogether!
The catoblepas gores you!!
* * * LOW HITPOINT WARNING * * *
The troll is engulfed in calcifying dust.
The orc warrior is engulfed in calcifying dust.
The orc warrior is moving more slowly.
You feel much better. The catoblepas gores you!!
You die...
Your body crumbles into a pile of gold.

##........ ...## #.
##(...##### .[.# #.
......# ##..# #
(..(..## ##..)# .#
####...#####$...# ..#
##......<$.§.###...#
##......$.§T§§§§..#
##........oY§§§§§§#
#####...........@.....#
#........######.......#
........## ###<.....#
.......## ..##..#
.......# #.# #.
#####..# ## ##.# ##.###
#....#


You could see a catoblepas, a troll (petrified) and an orc warrior (petrifying).

Vanquished Creatures
  Snorg (D:11)
  Harold (D:11)
  A vault guard (D:13)
  A hydra (D:15)
  2 centaur warriors (D:14)
  A catoblepas (D:15)
  7 two-headed ogres
  2 unseen horrors
  A skeletal warrior (D:13)
  A wizard (D:14)
  Pikel (D:9)
  An orc knight (D:14)
  2 deep elf magi
  A wolf spider (D:13)
  An orc sorcerer (D:15)
  2 ugly things
  2 wolf spider zombies
  5 manticores
  2 cyclopes
  Psyche (D:11)
  Joseph (D:9)
  A gargoyle (D:13)
  A kobold demonologist (D:14)
  An efreet (D:13)
  3 trolls
  A queen bee (D:9)
  Prince Ribbit (D:6)
  A slime creature (D:13)
  2 hornets
  A hippogriff (D:8)
  A centaur simulacrum (D:15)
  27 yaks
  2 shadows
  4 hogs (D:7)
  A human (D:7)
  2 wyverns
  Grum (D:8)
  7 vampire mosquitoes (D:15)
  A hungry ghost (D:12)
  4 wargs
  An eye of draining (D:13)
  4 orc warriors
  An ice beast (shapeshifter) (D:13)
  3 sky beasts
  2 phantoms
  A black bear (D:6)
  3 ogres
  8 centaurs
  A necrophage (D:6)
  2 wolves (D:8)
  3 boggarts (D:14)
  A crocodile (D:10)
  3 big kobolds
  5 bullfrogs
  A gnoll sergeant (D:9)
  10 scorpions
  30 killer bees
  3 howler monkeys
  5 centaur zombies
  4 crimson imps
  A bullfrog zombie (D:12)
  A quasit (D:11)
  4 jellies
  A bullfrog skeleton (D:5)
  A gnoll shaman (D:4)
  10 orc priests
  12 orc wizards
  A human zombie (Ossuary)
  3 centaur skeletons
  Terence (D:2)
  6 iguanas
  6 worker ants
  2 big kobold zombies (Ossuary)
  3 mummies (Ossuary)
  A worker ant zombie (D:10)
  10 gnolls
  10 adders
  6 scorpion zombies (Ossuary)
  2 shadow imps
  2 oozes (D:2)
  4 worms (D:2)
  A dart slug (D:1)
  5 leopard geckos
  44 orcs
  6 giant cockroaches
  A gnoll zombie (Ossuary)
  11 goblins
  7 hobgoblins
  5 jackals (D:1)
  27 kobolds
  2 quokkas
  2 ball pythons
  11 bats
  6 frilled lizards
  4 goblin zombies (Ossuary)
  A hobgoblin zombie (Ossuary)
  A kobold zombie (Ossuary)
  A leopard gecko skeleton (D:8)
  An orc zombie (Ossuary)
  2 quokka skeletons
  6 rats
421 creatures vanquished.

Vanquished Creatures (others)
  A warg (D:9)
  2 scorpions (Ossuary)
  2 kobolds (D:14)
  A hobgoblin zombie (Ossuary)
6 creatures vanquished.

Grand Total: 427 creatures vanquished

Notes
Turn   | Place    | Note
-------+----------+-------------------------------------------
     0 | D:1      | KristoblXynda the Draconian Gladiator began the quest for
                  | the Orb.
     0 | D:1      | Reached XP level 1. HP: 17/17 MP: 1/1
   148 | D:1      | Reached XP level 2. HP: 20/25 MP: 2/2
   645 | D:1      | Reached XP level 3. HP: 30/30 MP: 3/3
   997 | D:2      | Noticed Terence
  1029 | D:2      | Killed Terence
  1029 | D:2      | Reached skill level 4 in Long Blades
  1029 | D:2      | Reached XP level 4. HP: 7/38 MP: 4/4
  2036 | D:3      | Reached XP level 5. HP: 45/45 MP: 5/5
  2151 | D:3      | Reached skill level 5 in Long Blades
  2206 | D:3      | Found a shadowy altar of Dithmenos.
  2207 | D:3      | Found a white marble altar of Elyvilon.
  2339 | D:3      | Reached XP level 6. HP: 31/52 MP: 6/6
  3252 | D:4      | Found Ypaxuq's Assorted Antiques.
  3269 | D:4      | Bought a scroll labeled HYXTOH USAUWI for 23 gold pieces
  3454 | D:4      | Found a sacrificial altar of Ru.
  3742 | D:5      | Entered Level 5 of the Dungeon
  3819 | D:5      | Reached skill level 6 in Long Blades
  3819 | D:5      | Your scales start taking on a dull iron-grey colour.
  3819 | D:5      | Reached XP level 7. HP: 27/60 MP: 7/7
  3819 | D:5      | Gained mutation: You can survive without breathing. [Grey
                  | Draconian growth]
  4173 | D:5      | Reached skill level 5 in Fighting
  4810 | D:6      | Reached skill level 7 in Long Blades
  4848 | D:6      | Reached XP level 8. HP: 69/69 MP: 8/8
  4927 | D:6      | Noticed Prince Ribbit
  4946 | D:6      | Killed Prince Ribbit
  4946 | D:6      | Reached skill level 5 in Dodging
  4946 | D:6      | Reached skill level 1 in Evocations
  5378 | D:7      | Found a shimmering altar of Xom.
  5503 | D:7      | Found Alijopn's Jewellery Emporium.
  5530 | D:7      | Found a radiant altar of Vehumet.
  5749 | D:7      | Found a runed translucent door.
  5757 | D:7      | Noticed confidenceinterval's ghost (novice HOFi)
  5775 | D:7      | Found Zank's Food Emporium.
  5777 | D:7      | Reached skill level 8 in Long Blades
  5795 | D:7      | Found a staircase to the Ecumenical Temple.
  5832 | Temple   | Entered the Ecumenical Temple
  5894 | Temple   | Became a worshipper of Gozag Ym Sagoz the Greedy
  5942 | D:7      | Found a shattered altar of Ashenzari.
  5985 | D:7      | Found a shimmering altar of Xom.
  6037 | D:7      | Found Vinugeqebu's Book Shop.
  6115 | D:7      | Found Miostru's Magic Scroll Shoppe.
  6210 | D:7      | Reached XP level 9. HP: 46/74 MP: 11/11
  6217 | D:7      | Reached skill level 9 in Long Blades
  6618 | D:8      | Found a sand-covered staircase.
  6623 | Ossuary  | Entered an ossuary
  7155 | D:8      | Reached skill level 10 in Long Blades
  7372 | D:8      | Reached skill level 5 in Evocations
  7715 | D:8      | Found a basalt altar of Yredelemnul.
  7739 | D:8      | Noticed Grum
  7751 | D:8      | Killed Grum
  8168 | D:9      | Noticed Joseph
  8184 | D:9      | Killed Joseph
  8184 | D:9      | Reached XP level 10. HP: 83/83 MP: 14/14
  8441 | D:9      | Noticed Pikel
  8464 | D:9      | Killed Pikel
  8505 | D:9      | Found a staircase to the Lair.
  8820 | D:9      | Reached skill level 11 in Long Blades
  9071 | D:7      | Bought a scroll of acquirement for 572 gold pieces
  9133 | D:7      | Bought the ring "Bytwioki" {rElec rPois} for 374 gold
                  | pieces
  9185 | D:10     | Entered Level 10 of the Dungeon
  9225 | D:10     | Reached skill level 1 in Shields
  9501 | D:10     | Reached XP level 11. HP: 92/92 MP: 16/16
  9518 | D:10     | Noticed a two-headed ogre
  9532 | D:10     | Killed a two-headed ogre
  9556 | D:10     | Found Degox's Weapon Shoppe.
  9900 | D:10     | Killed an unseen horror
 10125 | D:11     | Noticed Psyche
 10131 | D:11     | Noticed a two-headed ogre
 10142 | D:11     | Noticed Harold
 10150 | D:11     | Killed Psyche
 10155 | D:11     | Killed a two-headed ogre
 10167 | D:11     | Killed Harold
 10168 | D:11     | Noticed a two-headed ogre
 10175 | D:11     | Killed a two-headed ogre
 10256 | D:11     | Found a staircase to the Orcish Mines.
 10459 | D:11     | Noticed Snorg
 10466 | D:11     | Noticed a brown ugly thing
 10474 | D:11     | Killed Snorg
 10474 | D:11     | Reached skill level 12 in Long Blades
 10474 | D:11     | Reached XP level 12. HP: 104/104 MP: 18/18
 11249 | D:12     | Found Selog's Jewellery Shop.
 11514 | D:10     | Bought the +9 sword of Zonguldrok {reap} for 1040 gold
                  | pieces
 11514 | D:10     | Found the +9 sword of Zonguldrok {reap}
 12100 | D:13     | Reached skill level 10 in Fighting
 12564 | D:13     | Noticed a two-headed ogre
 12569 | D:13     | Killed a two-headed ogre
 12571 | D:13     | Noticed a vault guard
 12583 | D:13     | Reached skill level 10 in Dodging
 12608 | D:13     | Killed a vault guard
 13072 | D:13     | Identified the +1 scale mail of the Bagpipe {Str+3 Int+4
                  | Dex-5}
 13275 | D:13     | Found a gate to the Vaults.
 13527 | D:14     | Noticed a centaur warrior
 13535 | D:14     | Killed a centaur warrior
 13898 | D:14     | Noticed a two-headed ogre
 14030 | D:14     | Reached skill level 13 in Long Blades
 14030 | D:14     | Reached skill level 10 in Evocations
 14030 | D:14     | Reached XP level 13. HP: 115/115 MP: 20/20
 14845 | D:15     | Entered Level 15 of the Dungeon
 14952 | D:15     | Found Gozag's Platinum Reserve.
 15082 | D:15     | Found an opulent altar of Gozag.
 15274 | D:15     | Identified the +6 falchion of Fuekho {flame, rElec Str+8
                  | Int-3}
 15686 | D:15     | Slain by a catoblepas

Levels and vault maps discovered:
D:1:      scummos_arrival_simple_crosswalls, layout_basic
D:2:      layout_basic, uniq_terence
D:3:      layout_basic, gammafunk_temple_overflow_wave, minivault_26
D:4:      layout_cave_pods, serial_shops, shop, nicolae_ru_sacrificial_ziggurat
D:5:      layout_rooms, first_ration
D:6:      layout_loops_ring, uniq_prince_ribbit1
D:7:      layout_basic, xom_redecorated, vehumet_altar_wand_db,
          cheibrodos_ashenzari_chains, minmay_temple_entry_crystal_x,
          hellmonk_ghost_happy_afterlife, serial_shops, shop,
          kennysheep_mini_moat, shop, nicolae_shop_crystal,
          chequers_serial_rivers_small_3, grunt_livestock
D:8:      layout_loops_ring, old_standard_altar, enter_ossuary_2, uniq_grum
D:9:      layout_rooms, erik_lair_orcish_takeover, special_room
          [special_room_bee], uniq_joseph, uniq_pikel
D:10:     layout_basic, serial_shops, kennysheep_mini, minmay_circle_x
D:11:     layout_small_grid, erik_orc_4, chequers_serial_rivers_micro_a,
          minmay_unpleasant_kobolds, uniq_snorg, uniq_psyche, uniq_harold
D:12:     layout_loops_ring, serial_shops, kennysheep_little_box
D:13:     layout_loops_ring, david_vaults_5
D:14:     layout_grid_maze, minmay_splitting_lines
D:15:     grunt_enter_depths_magical_seal, layout_layer_cave,
          nicolae_gozag_zags_fifth_avenue
Temple:   compressed_dpeg_circular_temple

Skill      XL: |  1  2  3  4  5  6  7  8  9 10 11 12 13 |
---------------+----------------------------------------+-----
Throwing       | 2 |  2.0
Dodging        | 3 4 5 7 8 9 10 11 | 11.0
Fighting       | 3 4 5 7 9 10 11 | 11.6
Long Blades    | 4 5 6 7 8 10 11 12 13 | 13.5
Evocations     | 3 5 7 8 10 | 10.7
Shields        | 1 4 |  4.0

Action                   |  1- 3 |  4- 6 |  7- 9 | 10-12 | 13-15 || total
-------------------------+-------+-------+-------+-------+-------++-------
Melee: Long sword        |    97 |   228 |   418 |   544 |       ||  1287
       Tailslap          |    15 |    53 |    99 |   132 |    40 ||   339
       Double sword      |       |       |       |   176 |   159 ||   335
       Scimitar          |       |       |       |       |     5 ||     5
Evoke: Wand              |       |       |    18 |    13 |       ||    31
       Lamp of fire      |       |       |       |     2 |       ||     2
  Use: Scroll            |       |     4 |    20 |    11 |     2 ||    37
       Potion            |       |       |     1 |     6 |     1 ||     8
 Stab: Sleeping          |     1 |     4 |     1 |     5 |       ||    11
       Paralysed         |       |       |     4 |    19 |       ||    23
       Distracted        |       |       |       |     5 |     1 ||     6
  Eat: Chunk             |       |     9 |     7 |       |       ||    16
       Ration            |       |       |     3 |     6 |     1 ||    10
Armor: Skin              |    34 |    56 |   133 |   205 |    83 ||   511
Dodge: Dodged            |    81 |   176 |   292 |   425 |   203 ||  1177
Block: Buckler           |       |       |       |   146 |   115 ||   261
       Reflection        |       |       |       |     7 |     8 ||    15
       Rpst.: Long sword |    27 |    47 |    95 |   107 |       ||   276
       Double sword      |       |       |       |    29 |    40 ||    69
       Scimitar          |       |       |       |       |     1 ||     1

Table legend:
 A = Non-vault XP
 B = Vault XP
 C = Vault XP percentage of total XP
 D = Non-vault monster count
 E = Vault monster count
 F = Vault count percentage of total count
                 A         B        C        D         E       F
            +---------+---------+-------+---------+---------+-------
      Total |   39107 |   13388 |  25.5 |     315 |     109 |  25.7
            +---------+---------+-------+---------+---------+-------
        D:1 |      50 |       0 |   0.0 |      28 |       0 |   0.0
        D:2 |      67 |      36 |  35.0 |      27 |       1 |   3.6
        D:3 |     255 |       0 |   0.0 |      37 |       0 |   0.0
        D:4 |     198 |       0 |   0.0 |      10 |       0 |   0.0
        D:5 |     522 |       0 |   0.0 |      14 |       0 |   0.0
        D:6 |     437 |     268 |  38.0 |      12 |       1 |   7.7
        D:7 |     411 |     979 |  70.4 |      12 |       6 |  33.3
        D:8 |     566 |     597 |  51.3 |       7 |       4 |  36.4
        D:9 |    1412 |    2932 |  67.5 |      13 |      29 |  69.0
       D:10 |    2526 |     776 |  23.5 |      19 |       2 |   9.5
       D:11 |    7157 |    3270 |  31.4 |      48 |      25 |  34.2
       D:12 |    3973 |       0 |   0.0 |      19 |       0 |   0.0
       D:13 |    2642 |    3623 |  57.8 |      12 |      10 |  45.5
       D:14 |    9869 |       0 |   0.0 |      36 |       0 |   0.0
       D:15 |    9022 |       0 |   0.0 |      21 |       0 |   0.0
    Ossuary |       0 |     907 | 100.0 |       0 |      31 | 100.0
            +---------+---------+-------+---------+---------+-------
